 Dungeon Crawl Stone Soup version 0.25-a0-731-g0472a16d6a (webtiles) character file.

Game seed: 14102939430430060441, levelgen mode: deterministic

78484 Hastur the Warrior (level 15, -4/141 HPs)
             Began as a Yellow Draconian Wizard on Apr 8, 2020.
             Was an Elder of Sif Muna.
             Slain by a spatial maelstrom (8 damage)
             ... on level 2 of the Abyss.
             The game lasted 01:33:10 (31526 turns).

Hastur the Warrior (Yellow Draconian Wizard)       Turns: 31526, Time: 01:33:11

Health: -4/141     AC: 14    Str: 11    XL:     15   Next: 18%
Magic:  27/29      EV: 18    Int: 28    God:    Sif Muna [****..]
Gold:   2977       SH: 13    Dex: 14    Spells: 11/34 levels left

rFire    . . .     SeeInvis .   w - +10 trident "Futegrupsi" {flame, rPois}
rCold    . . .     Gourm    .   H - +3 buckler of Yrphurin {rPois Dex+4}
rNeg     . . .     Faith    .   (armour unavailable)
rPois    +         Spirit   .   a - +1 hat
rElec    .         Reflect  +   (no cloak)
rCorr    +         Harm     .   (no gloves)
MR       +....                  T - +0 pair of boots
Stlth    ++........             Z - +5 amulet of reflection
HPRegen  0.33/turn              P - +3 ring of protection
MPRegen  0.21/turn              X - +5 ring of intelligence

@: about to teleport, frozen ramparts
A: spit acid, unfitting armour, acidic bite, cold-blooded, acid resistance, AC
+9
a: Breathe Acid, Channel Magic, Forget Spell, Divine Exegesis, Renounce Religion


You were on level 2 of the Abyss.
You worshipped Sif Muna.
Sif Muna was greatly pleased with you.
You were not hungry.

You visited 3 branches of the dungeon, and saw 22 of its levels.
You visited the Abyss 1 time.
You also visited: Ossuary and Ice Cave.

You collected 3652 gold pieces.
You spent 675 gold pieces at shops.

Inventory:

Hand Weapons
 k - the +10 arbalest of the Ass {venom, Str+4, unknown}
   (You found it on level 15 of the Dungeon)

   It poisons the ammo it fires.
   It affects your strength (+4).
 w - the +10 trident "Futegrupsi" (weapon) {flame, rPois}
   (You found it on level 6 of the Dungeon)

   It has been specially enchanted to burn those struck by it, causing extra
   injury to most foes and up to half again as much damage against particularly
   susceptible opponents.
   It protects you from poison.
 I - the +9 spear of Prudence {protect, MP+9 Int+6}
   (You found it on level 6 of the Lair of Beasts)

   It grants its wielder temporary protection when it strikes (+7 to AC).
   It affects your intelligence (+6).
   It affects your magic capacity (+9).
Missiles
 L - 62 poisoned darts (quivered)
 O - 4 curare-tipped darts
Armour
 a - a +1 hat (worn)
 H - the +3 buckler of Yrphurin (worn) {rPois Dex+4}
   (You found it on level 8 of the Dungeon)

   It affects your dexterity (+4).
   It protects you from poison.
 T - a +0 pair of boots (worn)
Magical Staves
 t - an uncursed staff of energy
Jewellery
 o - the ring "Becam" {rPois MR- rCorr Int+8 Dex-2}
   (You took it off an orc on level 12 of the Dungeon)

   [ring of resist corrosion]

   It affects your intelligence (+8).
   It affects your dexterity (-2).
   It protects you from poison.
   It affects your resistance to hostile enchantments.
   It provides partial protection from all sources of acid and corrosion.
 C - an uncursed ring of flight
 P - a +3 ring of protection (left hand)
 X - a +5 ring of intelligence (right hand)
 Y - an uncursed ring of protection from cold
 Z - a +5 amulet of reflection (around neck)
Wands
 f - a wand of acid (13)
 g - a wand of digging (4)
 i - a wand of polymorph (3)
 y - a wand of random effects (36)
 E - a wand of disintegration (40)
 J - a wand of clouds (4)
 K - a wand of iceblast (17)
 Q - a wand of flame (70)
 R - a wand of enslavement (16)
Scrolls
 b - a scroll of magic mapping
 j - 9 scrolls of teleportation
 l - 4 scrolls of enchant armour
 u - 8 scrolls of remove curse
 v - a scroll of immolation
 x - a scroll of holy word
 B - 3 scrolls of enchant weapon
 D - a scroll of summoning
 F - a scroll of fog
 N - 4 scrolls of amnesia
 U - a scroll of fear {unknown}
Potions
 d - a potion of cancellation
 e - 4 potions of flight
 h - a potion of lignification {unknown}
 m - 2 potions of resistance
 n - 2 potions of mutation
 p - 9 potions of curing
 q - a potion of heal wounds
 r - 7 potions of might
 s - 5 potions of haste
 z - 4 potions of stabbing
 A - a potion of ambrosia
 G - a potion of brilliance
 M - a potion of magic {unknown}
 W - a potion of berserk rage {unknown}
Miscellaneous
 S - a lightning rod (4/4)
 V - a phantom mirror
Comestibles
 c - 40 rations


   Skills:
 - Level 15.0 Fighting
 - Level 10.0 Dodging
 - Level 1.7 Stealth
 - Level 4.5 Shields
 - Level 10.0 Spellcasting
 + Level 9.9 Conjurations
 - Level 10.1 Summonings
 - Level 1.0 Translocations
 - Level 8.0 Ice Magic
 + Level 8.0 Air Magic


You had 11 spell levels left.
You knew the following spells:

 Your Spells              Type           Power        Failure   Level  Hunger
a - Magic Dart            Conj           ####         1%          1    None
b - Call Imp              Summ           ######..     1%          2    None
c - Mephitic Cloud        Conj/Pois/Air  #####...     1%          3    None
d - Blink                 Tloc           N/A          4%          2    None
e - Searing Ray           Conj           ######       1%          2    None
f - Frozen Ramparts       Ice            ######       1%          3    None
g - Summon Ice Beast      Ice/Summ       ######..     1%          4    None
h - Freezing Cloud        Conj/Ice/Air   ######....   17%         6    #####..

Your spell library contained the following spells:

 Spells                   Type           Power        Failure   Level  Hunger
 Freeze                   Ice            ####         1%          1    None
 Shock                    Conj/Air       ####         1%          1    None
 Summon Butterflies       Summ           ######..     1%          1    None
 Summon Small Mammal      Summ           ####         1%          1    None
 Poisonous Vapours        Pois/Air       #####.       1%          2    None
 Call Canine Familiar     Summ           ######..     1%          3    None
 Conjure Flame            Conj/Fire      #####...     1%          3    None
 Dazzling Flash           Conj/Hex       #####.       1%          3    None
 Recall                   Summ/Tloc      N/A          1%          3    None
 Hailstorm                Conj/Ice       ######..     1%          4    None
 Aura of Abjuration       Summ           ######....   1%          5    ###....
 Summon Demon             Summ           ######....   1%          5    ###....
 Apportation              Tloc           ###...       2%          1    None
 Ozocubu's Armour         Chrm/Ice       #####...     2%          3    None
 Lightning Bolt           Conj/Air       ######....   2%          5    ###....
 Animate Skeleton         Necr           N/A          4%          1    None
 Beastly Appendage        Tmut           ##....       4%          1    None
 Corona                   Hex            ##.....      4%          1    None
 Iskenderun's Mystic Bla  Conj/Tloc      #####...     4%          4    None
 Fulminant Prism          Conj/Hex       #####.....   5%          4    None
 Slow                     Hex            ##......     6%          2    None
 Sticks to Snakes         Tmut           ##......     6%          2    None
 Lesser Beckoning         Tloc           ###.......   8%          3    None
 Ice Form                 Ice/Tmut       #####...     8%          4    None
 Shadow Creatures         Summ           N/A          10%         6    #####..
 Summon Forest            Summ/Tloc      #####.....   11%         5    ###....
 Spider Form              Tmut/Pois      ##........   12%         3    None
 Tukima's Dance           Hex            ##......     12%         3    None
 Iskenderun's Battlesphe  Conj/Chrm      #####...     14%         5    ###....
 Summon Mana Viper        Hex/Summ       #####...     14%         5    ###....
 Conjure Ball Lightning   Conj/Air       ######....   16%         6    #####..
 Metabolic Englaciation   Hex/Ice        #####.....   22%         5    ###....
 Ozocubu's Refrigeration  Ice            ######....   22%         6    #####..
 Bolt of Magma            Conj/Fire/Erth ####......   28%         5    ###....
 Summon Hydra             Summ           ######....   47%         7    ######.
 Orb of Destruction       Conj           ######....   50%         7    ######.
 Spellforged Servitor     Conj/Summ      ######....   50%         7    ######.
 Iron Shot                Conj/Erth      #####.....   63%         6    #####..
 Starburst                Conj/Fire      #####.....   63%         6    #####..
 Alistair's Intoxication  Tmut/Pois      ##......     73%         5    ###....
 Blade Hands              Tmut           ##........   73%         5    ###....
 Borgnjor's Vile Clutch   Necr/Erth      ##........   73%         5    ###....
 Invisibility             Hex            ##......     99%         6    #####..
 Haunt                    Necr/Summ      #####.....   99%         7    ######.
 Ring of Flames           Chrm/Fire      ##........   100%        7    ######.
 Chain Lightning          Conj/Air       ######....   100%        8    #######


Dungeon Overview and Level Annotations

Branches:
Dungeon (15/15)            Temple (1/1) D:5            Lair (6/6) D:8
 Shoals (0/4) Lair:4       Spider (0/4) Lair:4        Slime (0/5) Lair:5
    Orc (0/2) D:10         Vaults (0/5) D:13         Depths (0/5) D:15
Ossuary (visited)           IceCv (visited)

Altars:
Ashenzari
Cheibriados
Dithmenos
Elyvilon
Fedhas
Gozag
Kikubaaqudgha
Makhleb
Nemelex Xobeh
Okawaru
Qazlal
Ru
Sif Muna
Trog
Uskayaw
Vehumet
Wu Jian
Xom
Yredelemnul
Zin
The Shining One
Beogh

Shops:
D:11 :   D:15 %

Portals:
Trove: D:11 (give +5 ice dragon scales)

Annotations:
D:2 exclusion: sky beast
Lair:2 exclusion: 4 oklob plants


Innate Abilities, Weirdness & Mutations

You can spit globs of acid.
Your golden yellow scales are hard. (AC +9)
You cannot fit into any form of body armour.
You have acidic saliva.
You are cold-blooded and may be slowed by cold attacks.
You are resistant to acid. (rCorr)


Message History

You bump into the rock wall.
The spatial vortex resists.
The wall freezes the spatial vortex.
The spatial maelstrom completely resists.
The wall freezes the spatial maelstrom but do no damage.
The spatial maelstrom closely misses you.
The spatial maelstrom hits you.
* * * LOW HITPOINT WARNING * * *
Space warps horribly around you!
* * * LOW HITPOINT WARNING * * *
The spatial vortex resists.
The wall freezes the spatial vortex.
You bump into the stone wall.
You feel less invigorated.
You feel less confused.
The spatial maelstrom completely resists.
The wall freezes the spatial maelstrom but do no damage.
The spatial maelstrom hits you!
* * * LOW HITPOINT WARNING * * *
Space bends around you.
* * * LOW HITPOINT WARNING * * *
The spatial maelstrom hits you!
You die...

..... ...
.#..#.v#
# ...#..
.###...#
#.....#
#...#.v§#
... #.#.#
#. #.v#
#@## ###


You could see a spatial maelstrom and a spatial vortex.

Vanquished Creatures
  2 tentacled starspawn (Abyss:2)
  2 hydras
  Harold (D:10)
  A merfolk avatar (Lair:6)
  3 two-headed ogres
  2 centaur warriors (D:13)
  4 death yaks (Lair:3)
  Sonja (D:10)
  3 skeletal warriors (D:15)
  2 unseen horrors
  A wizard (D:15)
  A harpy (Lair:6)
  2 orc knights
  A necromancer (D:15)
  2 manticores
  An ugly thing (D:12)
  2 deep elf magi
  6 elephants
  A rust devil (Abyss:2)
  3 black mambas
  A smoke demon (Abyss:2)
  7 centaur skeletons
  7 spiny frogs
  2 gargoyles
  2 rime drakes
  A kobold demonologist (D:13)
  A freezing wraith (D:15)
  2 yaktaurs
  5 komodo dragons
  6 polar bears
  A queen bee (Lair:2)
  2 meliai
  A hornet (Lair:6)
  17 blink frogs
  4 slime creatures (D:15)
  8 dream sheep
  6 hippogriffs
  6 wraiths
  6 wyverns
  19 yaks
  A golden eye (shapeshifter) (D:15)
  4 basilisks
  3 hungry ghosts
  2 ynoxinuls (Abyss:2)
  A vampire mosquito (D:15)
  18 water moccasins
  Duvessa (D:7)
  4 small abominations (Abyss:2)
  7 porcupines
  10 orc warriors
  2 phantoms
  2 ice beasts
  3 ogres
  A sky beast (D:8)
  7 wolves
  11 centaurs
  14 crocodiles
  8 bullfrogs
  4 big kobolds
  A wyvern skeleton (D:10)
  3 scorpions
  Dowan (D:7)
  33 killer bees
  A howler monkey (D:11)
  5 crimson imps
  A bullfrog zombie (D:13)
  9 orc priests
  3 starcursed masses (Abyss:2)
  A bullfrog skeleton (D:10)
  A hound (D:6)
  7 orc wizards
  A gnoll shaman (D:4)
  An iguana (D:8)
  A hell rat (Lair:2)
  2 polar bear simulacra (Lair:5)
  A worker ant (D:6)
  2 yak simulacra (Lair:5)
  3 wolf simulacra (Lair:5)
  A hound zombie (Ossuary)
  A worker ant zombie (D:10)
  4 gnolls
  A river rat (Lair:2)
  7 adders
  6 shadow imps
  13 white imps
  3 oozes (Lair:5)
  3 adder zombies
  An adder skeleton (D:6)
  A worm (D:5)
  3 dart slugs
  4 leopard geckos
  50 orcs
  7 bats
  9 giant cockroaches
  6 goblins
  8 hobgoblins
  4 jackals
  24 kobolds
  2 quokkas (D:5)
  3 ball pythons
  6 frilled lizards
  A hobgoblin zombie (Ossuary)
  A jackal skeleton (D:7)
  A quokka skeleton (D:6)
  A quokka zombie (D:7)
  6 rats
  2 rat zombies (D:5)
  2 river rat simulacra (Lair:5)
506 creatures vanquished.

Vanquished Creatures (collateral kills)
  Jorgrun (D:12)
  Nessos (D:12)
  Snorg (D:10)
  Josephine (D:13)
  An ogre mage (D:13)
  4 hydras
  A centaur warrior (D:15)
  3 two-headed ogres
  A catoblepas (Lair:4)
  2 death yaks
  2 thrashing horrors (Abyss:2)
  2 skeletal warriors
  A deep elf mage (D:15)
  3 ugly things
  A necromancer (Lair:5)
  An orc sorcerer (D:15)
  2 manticores
  5 elephants
  4 black mambas
  A centaur skeleton (D:13)
  A naga mage (D:15)
  A torpor snail (Lair:6)
  An orange demon (Abyss:2)
  2 spiny frogs
  7 komodo dragons
  5 rime drakes
  A kobold demonologist (D:15)
  3 yaktaurs (D:13)
  An ancient zyme (Abyss:2)
  A troll (D:12)
  A harpy zombie (D:15)
  A meliai (D:12)
  A wind drake (Lair:6)
  4 polar bears
  3 hornets (Lair:6)
  A slime creature (D:15)
  3 dream sheep
  11 blink frogs
  5 hippogriffs
  Sigmund (D:5)
  A vampire (D:12)
  2 wyverns (Lair:6)
  3 wraiths
  3 basilisks
  16 yaks
  A hungry ghost (D:15)
  4 vampire mosquitoes
  2 water moccasins
  A soldier ant (D:15)
  A porcupine (Lair:5)
  A black bear (D:11)
  A phantom (D:12)
  2 ogres
  An eye of draining (D:13)
  2 centaurs
  4 wolves
  4 crocodiles
  A big kobold (D:11)
  5 bullfrogs
  A small abomination (Abyss:2)
  A scorpion (D:4)
  2 killer bees (Lair:2)
  2 howler monkeys (D:11)
  2 centaur zombies
  A human zombie (Ossuary)
  8 starcursed masses (Abyss:2)
  An orc priest (D:4)
  A bullfrog skeleton (D:12)
  3 hounds
  A jelly (Lair:5)
  Terence (D:3)
  2 iguanas
  3 orc wizards
  A polar bear simulacrum (Lair:5)
  4 worker ants
  A yak simulacrum (Lair:5)
  3 hound zombies (Ossuary)
  4 mummies (Ossuary)
  A gnoll (D:5)
  A white imp (Lair:2)
  An adder zombie (Ossuary)
  2 worms
  5 orcs
  A gnoll zombie (Ossuary)
  A jackal (D:6)
  2 kobolds (D:11)
  2 quokkas (D:11)
  A goblin zombie (Ossuary)
  A kobold zombie (Ossuary)
  An orc zombie (Ossuary)
  A rat zombie (Ossuary)
  2 fungi (Lair:6)
211 creatures vanquished.

Vanquished Creatures (others)
  2 centaurs
  A bullfrog (Lair:5)
  12 fungi
  A lurking horror (Abyss:2)
  4 plants (Lair:6)
  6 starspawn tentacles (Abyss:2)
26 creatures vanquished.

Grand Total: 743 creatures vanquished

Notes
Turn   | Place    | Note
-------+----------+-------------------------------------------
     0 | D:1      | Hastur the Draconian Wizard began the quest for the Orb.
     0 | D:1      | Reached XP level 1. HP: 14/14 MP: 4/4
   214 | D:1      | Reached skill level 1 in Fighting
   217 | D:1      | Reached XP level 2. HP: 23/23 MP: 0/6
   906 | D:1      | Learned a level 2 spell: Call Imp
  1280 | D:2      | Reached XP level 3. HP: 28/28 MP: 3/7
  1352 | D:2      | Noticed a sky beast
  1891 | D:2      | Reached XP level 4. HP: 35/35 MP: 2/8
  2641 | D:3      | Noticed Terence
  2656 | D:3      | Killed Terence
  3031 | D:3      | Learned a level 3 spell: Mephitic Cloud
  3034 | D:3      | Learned a level 2 spell: Blink
  3698 | D:3      | Reached XP level 5. HP: 40/40 MP: 2/9
  3886 | D:3      | Learned a level 2 spell: Searing Ray
  3948 | D:3      | Reached skill level 2 in Fighting
  3948 | D:3      | Reached skill level 1 in Air Magic
  4217 | D:3      | You fall into a shaft and drop 1 floor!
  4220 | D:4      | Found a snail-covered altar of Cheibriados.
  5053 | D:4      | Reached skill level 3 in Fighting
  5053 | D:4      | Reached XP level 6. HP: 51/51 MP: 2/10
  5332 | D:4      | Found an ornate altar of the Wu Jian Council.
  5508 | D:5      | Entered Level 5 of the Dungeon
  5514 | D:5      | Found a white marble altar of Elyvilon.
  5671 | D:5      | Found a sand-covered staircase.
  5678 | Ossuary  | Entered an ossuary
  5949 | Ossuary  | Reached skill level 4 in Fighting
  6539 | D:5      | Found a basalt altar of Yredelemnul.
  6870 | D:4      | Your scales start taking on a golden yellow colour.
  6870 | D:4      | Reached XP level 7. HP: 60/60 MP: 6/11
  6870 | D:4      | Gained mutation: You are resistant to acid. (rCorr) [Yellow
                  | Draconian growth]
  7448 | D:5      | Reached skill level 5 in Fighting
  7539 | D:5      | Noticed Sigmund
  7545 | D:5      | Killed Sigmund
  7545 | D:5      | Reached skill level 6 in Fighting
  7660 | D:5      | Found a sacrificial altar of Ru.
  7725 | D:5      | Found a staircase to the Ecumenical Temple.
  7734 | Temple   | Entered the Ecumenical Temple
  7920 | Temple   | Became a worshipper of Sif Muna the Loreminder
  8430 | D:6      | Identified the +10 trident "Futegrupsi" {flame, rPois} (You
                  | found it on level 6 of the Dungeon)
  8457 | D:6      | Reached XP level 8. HP: 15/70 MP: 11/14
  8912 | D:6      | Learned a level 3 spell: Frozen Ramparts
  8930 | D:6      | Found a bloodstained altar of Trog.
  9076 | D:6      | Reached skill level 5 in Spellcasting
  9076 | D:6      | Reached skill level 1 in Ice Magic
  9946 | D:7      | Reached * piety under Sif Muna
 10090 | D:7      | Found a burning altar of Makhleb.
 10092 | D:7      | Noticed a blizzard demon
 10097 | D:7      | Noticed a hellwing
 10540 | D:7      | Noticed Duvessa
 10540 | D:7      | Noticed Dowan
 10555 | D:7      | Killed Dowan
 10563 | D:7      | Killed Duvessa
 10563 | D:7      | Reached skill level 5 in Ice Magic
 10704 | D:8      | Found a staircase to the Lair.
 10709 | D:8      | Got a twisted buckler
 10718 | D:8      | Identified the +3 buckler of Yrphurin {rPois Dex+4} (You
                  | found it on level 8 of the Dungeon)
 10737 | D:8      | Reached skill level 1 in Shields
 10737 | D:8      | Reached XP level 9. HP: 60/75 MP: 12/18
 10809 | D:8      | Killed an unseen horror
 11247 | D:8      | Learned a level 4 spell: Summon Ice Beast
 11801 | D:9      | Found a radiant altar of Vehumet.
 11802 | D:9      | Found a hide-covered altar of Uskayaw.
 12025 | D:9      | Reached ** piety under Sif Muna
 12227 | D:10     | Entered Level 10 of the Dungeon
 12228 | D:10     | Noticed Harold
 12235 | D:10     | Killed Harold
 12235 | D:10     | Reached skill level 5 in Summonings
 12235 | D:10     | Reached XP level 10. HP: 57/83 MP: 7/19
 12325 | D:10     | Noticed a cyan ugly thing
 12342 | D:10     | Killed a purple ugly thing
 12463 | D:10     | Noticed Snorg
 12578 | D:10     | Found a roughly hewn altar of Beogh.
 12578 | D:10     | Found a staircase to the Orcish Mines.
 12579 | D:10     | Noticed an orc knight
 12603 | D:10     | Reached skill level 7 in Fighting
 12609 | D:10     | HP: 4/86 [orc priest/divine providence (13)]
 13006 | D:9      | Killed an orc knight
 13420 | D:10     | Killed Snorg
 13420 | D:10     | Reached skill level 8 in Fighting
 13598 | D:10     | Noticed Sonja
 13606 | D:10     | Killed Sonja
 13606 | D:10     | Reached skill level 5 in Dodging
 14079 | D:11     | Reached skill level 9 in Fighting
 14094 | D:11     | Noticed a manticore
 14102 | D:11     | Noticed a green ugly thing
 14358 | Lair:1   | Entered Level 1 of the Lair of Beasts
 14498 | Lair:1   | Noticed a black mamba
 14510 | Lair:1   | Killed a black mamba
 14510 | Lair:1   | Reached XP level 11. HP: 30/97 MP: 12/20
 15858 | Lair:2   | Reached *** piety under Sif Muna
 15863 | Lair:2   | Reached skill level 10 in Fighting
 15877 | Lair:2   | Found a frozen archway.
 15898 | IceCv    | Entered an ice cave
 17305 | Lair:2   | Reached **** piety under Sif Muna
 17626 | Lair:2   | Reached XP level 12. HP: 67/106 MP: 17/21
 18752 | Lair:3   | Reached skill level 10 in Dodging
 18818 | Lair:3   | Noticed a five-headed hydra
 18827 | Lair:3   | Killed a five-headed hydra
 18992 | Lair:3   | Noticed a death yak
 18993 | Lair:3   | Noticed a death yak
 18993 | Lair:3   | Noticed a death yak
 18993 | Lair:3   | Noticed a death yak
 18994 | Lair:3   | Noticed a death yak
 19018 | Lair:3   | Killed a death yak
 19019 | Lair:3   | Noticed a death yak
 19024 | Lair:3   | Killed a death yak
 19044 | Lair:2   | Killed a death yak
 19747 | Lair:3   | Killed a death yak
 19777 | Lair:3   | Killed a death yak
 19790 | Lair:3   | Killed a death yak
 20137 | Lair:4   | Reached ***** piety under Sif Muna
 20144 | Lair:4   | Identified Sif Muna's Tome of the Bewitching Escort (Sif
                  | Muna gifted it to you on level 4 of the Lair of Beasts)
 20144 | Lair:4   | Received a gift from Sif Muna
 20222 | Lair:4   | Reached skill level 10 in Spellcasting
 20464 | Lair:4   | Found a hole to the Spider Nest.
 20514 | Lair:4   | Found a staircase to the Shoals.
 20523 | Lair:4   | Reached XP level 13. HP: 55/113 MP: 12/27
 21667 | Lair:5   | Found a staircase to the Slime Pits.
 21796 | Lair:5   | Reached skill level 10 in Summonings
 21890 | Lair:5   | Found a white marble altar of Elyvilon.
 22583 | Lair:6   | Entered Level 6 of the Lair of Beasts
 22608 | Lair:6   | Reached skill level 11 in Fighting
 22689 | Lair:6   | Received a gift from Sif Muna
 22763 | Lair:6   | Reached skill level 12 in Fighting
 23121 | Lair:6   | Reached skill level 13 in Fighting
 23572 | Lair:6   | Got a slimy spear
 23581 | Lair:6   | Got a steaming war axe
 24285 | Lair:6   | Gained mutation: You have acidic saliva. [Yellow Draconian
                  | growth]
 24285 | Lair:6   | Reached XP level 14. HP: 115/130 MP: 17/28
 24287 | Lair:6   | Reached skill level 14 in Fighting
 24637 | D:11     | Identified the +9 spear of Prudence {protect, MP+9 Int+6}
                  | (You found it on level 6 of the Lair of Beasts)
 24680 | D:11     | Found Byhurhuz's Book Shop.
 24688 | D:11     | Bought a book of Clouds for 675 gold pieces
 24695 | D:11     | Learned a level 6 spell: Freezing Cloud
 24718 | D:11     | Found a portal to a secret trove of treasure.
 24967 | D:11     | Identified Sif Muna's Reference Book on the Aerial Glacier
                  | (Sif Muna gifted it to you on level 11 of the Dungeon)
 24967 | D:11     | Received a gift from Sif Muna
 25525 | D:12     | Reached skill level 5 in Conjurations
 25560 | D:12     | Identified the ring "Becam" {rPois MR- rCorr Int+8 Dex-2}
 25728 | D:12     | Noticed Nessos
 25735 | D:12     | Killed Nessos
 26234 | D:12     | Noticed Jorgrun
 26244 | D:12     | Killed Jorgrun
 26998 | D:13     | Reached skill level 15 in Fighting
 27447 | D:13     | Identified 2 scrolls of acquirement
 27447 | D:13     | Identified the +1 tower shield of Hecatae {rN++ rCorr
                  | Dex+2} (You acquired it on level 13 of the Dungeon)
 27526 | D:13     | Noticed Josephine
 27683 | D:13     | Killed Josephine
 27741 | D:13     | Reached skill level 5 in Air Magic
 28065 | D:13     | Found a gate to the Vaults.
 28369 | D:13     | You fall into a shaft and drop 2 floors!
 28369 | D:15     | Entered Level 15 of the Dungeon
 28369 | D:15     | Found a shadowy altar of Dithmenos.
 28411 | D:15     | Identified Sif Muna's Disquisition on Destructive Darkness
                  | (Sif Muna gifted it to you on level 15 of the Dungeon)
 28411 | D:15     | Received a gift from Sif Muna
 28473 | D:15     | Found Baivor's Food Shop.
 29261 | D:15     | Noticed a shadow dragon
 30102 | D:15     | Found a staircase to the Depths.
 30185 | D:15     | Identified the cursed +1 war axe of Truncation {protect,
                  | *Noise rN+ Int+2} (You found it on level 6 of the Lair of
                  | Beasts)
 30215 | D:15     | Reached XP level 15. HP: 141/141 MP: 14/29
 30507 | D:15     | Got a twisted arbalest
 30736 | D:14     | Cast into level 2 of the Abyss (a wizard)
 30825 | Abyss:2  | Noticed a tentacled starspawn
 30835 | Abyss:2  | Killed a tentacled starspawn
 30886 | Abyss:2  | Noticed a tentacled starspawn
 30897 | Abyss:2  | Killed a tentacled starspawn
 31407 | Abyss:2  | Noticed a bone dragon
 31526 | Abyss:2  | HP: 4/141 [spatial maelstrom (4)]
 31526 | Abyss:2  | Slain by a spatial maelstrom

Levels and vault maps discovered:
D:1:      elethiomel_arrival_maze, layout_loops_ring
D:2:      layout_loops_ring, nicolae_overflow_hidden_temple, moated_statue
D:3:      layout_loops_corners, uniq_terence
D:4:      layout_rooms, nicolae_overflow_crystal_walls, lemuel_crystal_altar
D:5:      layout_basic, nicolae_ru_path_of_blood, lemuel_doored_altar,
          lemuel_crystal_altar, lemuel_temple_firewalk_a, enter_ossuary_4,
          first_ration, uniq_sigmund
D:6:      layout_loops_cross, lemuel_crystal_altar, minmay_circle_x
D:7:      layout_basic, makhleb_altar_promises_db,
          minmay_misc_feat_four_crosses, uniq_duvessa
D:8:      layout_basic, lair_entry_dummy
D:9:      layout_basic, gammafunk_temple_overflow_statue
D:10:     layout_basic, david_orc_5, blue_anna_alchemist
          [blue_anna_fruit_fields, blue_anna_fruit_fields], uniq_sonja,
          uniq_snorg, uniq_harold
D:11:     layout_irregular_city, serial_shops, shop, enter_trove_2,
          wad_floor_pattern_1, minmay_crystal_water, nicolae_two_hexagons
D:12:     layout_gridville, feat_on_display, uniq_nessos, uniq_jorgrun
D:13:     layout_roguey, hangedman_vaults_entry_quadrant_bands, uniq_josephine
D:14:     layout_cave_pools, hangedman_decor_lopped, grunt_qazlal_clouds
D:15:     grunt_enter_depths_magical_seal, layout_long_grid, serial_glass,
          glass_columns_a, glass_columns_b, feat_on_display, feat_on_display,
          due_unseen_surprise, minmay_strange_pillars, serial_shops, shop,
          minivault_27, grunt_dithmenos_smoke
Temple:   minmay_temple_bridge_abc
Lair:1:   layout_long_grid, lemuel_fruit_fields, serial_bayou_shore_b
Lair:2:   hangedman_what_comes_after_a, layout_gridlike,
          portal_ice_cave_entry_imps
Lair:3:   layout_regular_city, grunt_megastairs_4
Lair:4:   layout_regular_city, minmay_shoals_entry_beasts,
          spider_nest_entry_web_field, grunt_megastairs_2,
          infiniplex_staircase_pool_2
Lair:5:   layout_concentric_octagons, nicolae_slime_entry_slimehenge,
          basic_altar, eino_house_with_fridge
Lair:6:   gammafunk_lair_ancient_temple, layout_long_grid
Abyss:2:  base:
Lair:1

Skill      XL: |  1  2  3  4  5  6  7  8  9 10 11 12 13 14 15 |
---------------+----------------------------------------------+-----
Fighting       | 1 3 4 6 9 10 13 15 | 15.0
Conjurations   | 2 3 4 9 |  9.9
Summonings     | 2 5 7 8 10 | 10.1
Air Magic      | 2 3 4 7 8 |  8.0
Spellcasting   | 4 6 10 | 10.0
Ice Magic      | 5 7 8 |  8.0
Shields        | 1 4 |  4.5
Dodging        | 6 9 10 | 10.0
Stealth        | |  1.7
Translocations | |  1.0

Action                   |  1- 3 |  4- 6 |  7- 9 | 10-12 | 13-15 || total
-------------------------+-------+-------+-------+-------+-------++-------
Melee: Short sword       |    13 |    93 |    16 |       |       ||   122
       Tailslap          |     1 |     9 |     8 |    44 |    47 ||   109
       Trident           |       |       |   134 |   428 |   553 ||  1115
       Bite              |       |       |       |       |    23 ||    23
 Cast: Magic Dart        |    89 |   133 |    64 |     7 |    11 ||   304
       Call Imp          |     2 |    53 |    20 |       |     2 ||    77
       Searing Ray       |       |     2 |     1 |       |       ||     3
       Blink             |       |     1 |       |       |     1 ||     2
       Mephitic Cloud    |       |     1 |       |       |       ||     1
       Frozen Ramparts   |       |       |    11 |    50 |    80 ||   141
       Summon Ice Beast  |       |       |     2 |    65 |   224 ||   291
 Abil: Breathe Acid      |       |       |     9 |       |     3 ||    12
  Use: Scroll            |       |     8 |     6 |     5 |    24 ||    43
       Potion            |       |     4 |     1 |       |     7 ||    12
 Stab: Distracted        |       |     1 |     1 |     5 |     4 ||    11
       Sleeping          |       |       |     3 |     5 |     6 ||    14
  Eat: Chunk             |     3 |     8 |    16 |    17 |    28 ||    72
       Ration            |       |     3 |     1 |     5 |     3 ||    12
Armor: Skin              |    10 |    81 |    32 |    74 |   133 ||   330
Dodge: Dodged            |    16 |   168 |    96 |   290 |   389 ||   959
Block: Other             |       |       |     6 |       |       ||     6
       Buckler           |       |       |    20 |   256 |   360 ||   636
       Reflection        |       |       |     3 |     7 |    27 ||    37

Table legend:
 A = Non-vault XP
 B = Vault XP
 C = Vault XP percentage of total XP
 D = Non-vault monster count
 E = Vault monster count
 F = Vault count percentage of total count
                 A         B        C        D         E       F
            +---------+---------+-------+---------+---------+-------
      Total |   71628 |   40492 |  36.1 |     495 |     222 |  31.0
            +---------+---------+-------+---------+---------+-------
        D:1 |      30 |       0 |   0.0 |      19 |       0 |   0.0
        D:2 |      73 |       0 |   0.0 |      24 |       0 |   0.0
        D:3 |     138 |      21 |  13.2 |      29 |       1 |   3.3
        D:4 |     292 |       0 |   0.0 |      18 |       0 |   0.0
        D:5 |     205 |     219 |  51.7 |      17 |       3 |  15.0
        D:6 |     699 |     145 |  17.2 |      20 |       4 |  16.7
        D:7 |     479 |     218 |  31.3 |      16 |       2 |  11.1
        D:8 |    1664 |       0 |   0.0 |      14 |       0 |   0.0
        D:9 |     524 |     803 |  60.5 |      12 |       4 |  25.0
       D:10 |     938 |    3162 |  77.1 |      11 |      21 |  65.6
       D:11 |    4193 |       0 |   0.0 |      38 |       0 |   0.0
       D:12 |    5655 |    2476 |  30.5 |      39 |       2 |   4.9
       D:13 |    5263 |    6937 |  56.9 |      27 |      24 |  47.1
       D:14 |     393 |       0 |   0.0 |       1 |       0 |   0.0
       D:15 |    9086 |    4072 |  30.9 |      29 |       9 |  23.7
     Lair:1 |    3111 |     249 |   7.4 |      17 |       1 |   5.6
     Lair:2 |    3707 |    7719 |  67.6 |      21 |      68 |  76.4
     Lair:3 |    3237 |    4996 |  60.7 |      14 |      11 |  44.0
     Lair:4 |    4892 |    1265 |  20.5 |      14 |       9 |  39.1
     Lair:5 |    6221 |     698 |  10.1 |      27 |      16 |  37.2
     Lair:6 |   12785 |    6861 |  34.9 |      60 |      26 |  30.2
    Abyss:2 |    8043 |       0 |   0.0 |      28 |       0 |   0.0
    Ossuary |       0 |     146 | 100.0 |       0 |      16 | 100.0
      IceCv |       0 |     505 | 100.0 |       0 |       5 | 100.0
            +---------+---------+-------+---------+---------+-------
